 Dungeon Crawl Stone Soup version 0.31-a0-636-ge1c0e020e0 (webtiles) character file.

Game seed: 718988344740910930

4 Nekros the Grave Robber (level 1, 0/14 HPs)
             Began as a Demigod Necromancer on Aug 26, 2023.
             Frozen to death by an endoplasm (4 damage)
             ... on level 1 of the Dungeon.
             The game lasted 00:03:15 (220 turns).

Nekros the Grave Robber (Demigod Necromancer)        Turns: 220, Time: 00:03:15

Health: 0/14       AC:  2    Str:  9    XL:     1   Next: 46%
Magic:  5/5        EV:  9    Int: 17    God:
Gold:   4          SH:  0    Dex: 14    Spells: 2/3 levels left

rFire   . . .        (no weapon)
rCold   . . .        (no shield)
rNeg    . . .        a - +0 robe
rPois   .            (no helmet)
rElec   .            (no cloak)
rCorr   .            (no gloves)
SInv    .            (no boots)
Will    .....        (no amulet)
Stlth   ++           (no ring)
HPRegen 0.22/turn    (no ring)
MPRegen 0.09/turn

%: no passive effects
@: constricted
A: high MP 1, forlorn, divine attributes
a: no special abilities


You were on level 1 of the Dungeon.
You visited 1 branch of the dungeon, and saw 1 of its levels.

You collected 4 gold pieces.

Inventory:

Hand Weapons
 f - a +1 dagger of speed
 h - a +0 dagger
Missiles
 i - 5 stones
Armour
 a - a +0 robe (worn)
 g - a +0 robe
Potions
 b - a potion of magic
 c - a potion of mutation
 e - a potion of might {unknown}


   Skills:
 + Level 2.0 Dodging
 + Level 1.7 Stealth
 + Level 1.7 Spellcasting
 + Level 3.7 Necromancy


You had 2 spell levels left.
You knew the following spells:

 Your Spells              Type           Power      Damage    Failure   Level
a - Necrotise             Necr           56%        1d6       4%          1

Your spell library contained the following spells:

 Spells                   Type           Power      Damage    Failure   Level
 Sandblast                Erth           2%         2d4       21%         1
 Passwall                 Tmut/Erth      0%         N/A       30%         2
 Vampiric Draining        Necr           14%        2d7       13%         3
 Animate Dead             Necr           14%        N/A       41%         4
 Stone Arrow              Conj/Erth      2%         3d7       52%         3
 Agony                    Necr           14%        N/A       77%         5


Dungeon Overview and Level Annotations

Branches:
Dungeon (1/15)


Innate Abilities, Weirdness & Mutations

You have an increased reservoir of magic. (+10% MP)
You shall have no god before yourself.
Your divine heritage dramatically boosts your attributes as you level up.


Message History

Found a stone staircase leading down.
You see here 5 stones.
i - 5 stones
As you read the scroll labelled QANGIG PETAODY, it crumbles to dust.
It is a scroll of identify.
c - a potion of mutation
There is a stone staircase leading down here.
There are no items here.
An endoplasm comes into view.
A ball python comes into view.
Found 12 gold pieces.
The endoplasm quivers.
You hit the endoplasm but do no damage.
The ball python hisses angrily.
The endoplasm misses you.
You hit the endoplasm but do no damage. The endoplasm closely misses you.
The ball python misses you. The ball python grabs you.
The ball python constricts you.
You barely miss the endoplasm. The ball python closely misses you.
The ball python constricts you. The endoplasm freezes you.
You are frozen.
You barely miss the endoplasm. The ball python closely misses you.
The ball python constricts you. The endoplasm closely misses you.
You hit the endoplasm but do no damage. The ball python bites you.
The ball python constricts you.
The endoplasm hits you but does no damage.
You hit the endoplasm.
The endoplasm is moderately wounded.
The ball python bites you. The ball python constricts you.
The endoplasm hits you but does no damage.
You hit the endoplasm but do no damage.
The endoplasm is moderately wounded.
The ball python bites you but does no damage.
The ball python constricts you. The ball python bites you.
The ball python constricts you.
* * * LOW HITPOINT WARNING * * *
The endoplasm freezes you.
You are frozen.
You die...

.##......#
.###..#### ..
.# ### .# ##.#
.. ... $# ##
#.# #. .#...+
# #.#
#.#.....# #
#.## #...#...#
# ###..###
##.......# #
#......#
#..SJ...# #
#......#
#####@#.#
#......#
#.......#
#......#
#...#####
#......###..##
#.......##.##
#..........#
#......###>#
#......# ###
########


You could see an endoplasm and a ball python.

Vanquished Creatures
  A giant cockroach (D:1)
  2 goblins (D:1)
  A rat (D:1)
4 creatures vanquished.

Notes
Turn   | Place    | Note
-------+----------+-------------------------------------------
     0 | D:1      | Nekros the Demigod Necromancer began the quest for the Orb.
     0 | D:1      | Reached XP level 1. HP: 14/14 MP: 5/5
   220 | D:1      | Frozen to death by an endoplasm

Illustrated notes

Levels and vault maps discovered:
D:1:      tarquinn_simple_flora_water_a, layout_basic

Skill      XL: |  1 |
---------------+----+-----
Dodging        | 2 |  2.0
Stealth        | |  1.7
Spellcasting   | |  1.7
Necromancy     | |  3.7

Action                     || total
---------------------------++-------
  Melee: Unarmed           ||    47
    Use: Scroll            ||     1
   Stab: Sleeping          ||     1
 Armour: Robe              ||    16
  Dodge: Dodged            ||    25

Table legend: (Time is in decaauts)
 A = Elapsed time spent in this place.
 B = Non-inter-level travel time spent in this place.
 C = Inter-level travel time spent in this place.
 D = Time resting spent in this place.
 E = Time spent auto-exploring this place.
 F = Levels seen in this place.
 G = Mean time per level.
                   A        B        C        D        E       F      G
               +--------+--------+--------+--------+--------+-----+--------+
         Total |    220 |    106 |    114 |      0 |      0 |   1 |  220.0 |
       Dungeon |    220 |    106 |    114 |      0 |      0 |   1 |  220.0 |
               +--------+--------+--------+--------+--------+-----+--------+

Top non-repeatable levels by time:
     D:1: 220 daAuts
